PAA
ATLANTIC CITY SONICS @ LAKE MINNETONKA LOVE BOATS
08/01/2034
 
TOP OF THE 1ST
Atlantic City Sonics batting - Pitching for Lake Minnetonka Love Boats : RHP Dennis Blanchard
Pitching: RHP Dennis Blanchard
Batting: RHB Toyozo Yamasaki 0-0: Ball
1-0: Ball
2-0: Called Strike
2-1: Foul Ball, location: 2F
2-2: Ball
3-2: Ground out 5-3 (Groundball, 56)
Batting: RHB John Willoughby 0-0: Ball
1-0: Called Strike
1-1: SINGLE (Groundball, 6MD)
Batting: RHB Carlos Mendoza 0-0: Ball
1-0: Foul Ball, location: 2F
1-1: Called Strike
1-2: Ball
2-2: Foul Ball, location: 2F
2-2: Ball
3-2: Strikes out swinging
Batting: LHB Bryce Abood 0-0: Called Strike
0-1: Ball
1-1: Foul Ball, location: 2F
1-2: Foul Ball, location: 2F
1-2: Foul Ball, location: 2F
1-2: Ball
2-2: Foul Ball, location: 2F
2-2: Ball
3-2: Base on Balls
John Willoughby to second
Batting: RHB Jeff Quesenberry 0-0: Ball
1-0: Called Strike
1-1: Ball
2-1: Ball
3-1: Foul Ball, location: 2F
3-2: Base on Balls
John Willoughby to third
Bryce Abood to second
Batting: LHB Scotty Mitchell 0-0: Ball
1-0: Called Strike
1-1: Swinging Strike
1-2: Fly out, F8 (Flyball, 8LXD)
Top of the 1st over - 0 runs, 1 hit, 0 errors, 3 left on base; Atlantic City 0 - Lake Minnetonka 0
BOTTOM OF THE 1ST
Lake Minnetonka Love Boats batting - Pitching for Atlantic City Sonics : RHP Juriaan Roos
Pitching: RHP Juriaan Roos
Batting: LHB Wilton Maynard 0-0: Called Strike
0-1: Foul Ball, location: 2F
0-2: Fly out, F8 (Flyball, 8RD)
Batting: LHB Matt Palmer 0-0: Called Strike
0-1: SINGLE (Line Drive, 9S)
Batting: RHB Mario van Heijbeeck 0-0: Ball
1-0: Foul Ball, location: 2F
1-1: Fly out, F9 (Flyball, 89XD)
Batting: LHB Juan Ramírez 0-0: Ball
1-0: Foul Ball, location: 2F
1-1: Ball
2-1: Fly out, F9 (Line Drive, 89M)
Bottom of the 1st over - 0 runs, 1 hit, 0 errors, 1 left on base; Atlantic City 0 - Lake Minnetonka 0
TOP OF THE 2ND
Atlantic City Sonics batting - Pitching for Lake Minnetonka Love Boats : RHP Dennis Blanchard
Batting: RHB Gary Jenkins 0-0: DOUBLE (Flyball, 78D)
Batting: LHB António Casas 0-0: Ball
1-0: Swinging Strike
1-1: Ball
2-1: DOUBLE (Line Drive, 89D)
Gary Jenkins scores
Batting: RHB Kendrick Drumgoole 0-0: Ball
1-0: Ball
2-0: Foul Ball, location: 2F
2-1: Ground out 5-3 (Groundball, 5S)
António Casas to third
Batting: RHB Toyozo Yamasaki 0-0: Called Strike
0-1: Ground out 6-3 (Groundball, 6)
António Casas scores
Batting: RHB John Willoughby 0-0: Ball
1-0: Fly out, F7 (Flyball, 7S)
Top of the 2nd over - 2 runs, 2 hits, 0 errors, 0 left on base; Atlantic City 2 - Lake Minnetonka 0
BOTTOM OF THE 2ND
Lake Minnetonka Love Boats batting - Pitching for Atlantic City Sonics : RHP Juriaan Roos
Batting: RHB Guillermo Carrizales 0-0: Fly out, F7 (Flyball, 7LS)
Batting: RHB Jeff Hunter 0-0: Ball
1-0: Called Strike
1-1: SINGLE (Groundball, 56D)
Batting: RHB Francisco Guerra 0-0: Called Strike
0-1: Foul Ball, location: 2F
0-2: Ball
Jeff Hunter steals 2nd base
1-2: SINGLE (Groundball, 34D)
Jeff Hunter to third
Batting: RHB Martin van Veldhuizen 0-0: Ball
Francisco Guerra is caught stealing 2nd base
1-0: Ball
2-0: Fly out, F3 (Line Drive, 34S)
Bottom of the 2nd over - 0 runs, 2 hits, 0 errors, 1 left on base; Atlantic City 2 - Lake Minnetonka 0
TOP OF THE 3RD
Atlantic City Sonics batting - Pitching for Lake Minnetonka Love Boats : RHP Dennis Blanchard
Batting: RHB Carlos Mendoza 0-0: SINGLE (Groundball, 4MD)
Batting: LHB Bryce Abood 0-0: Ball
1-0: Ball
2-0: Ball
3-0: Base on Balls
Carlos Mendoza to second
Batting: RHB Jeff Quesenberry 0-0: Ball
1-0: Foul Ball, location: 2F
1-1: Foul Ball, location: 2F
1-2: Foul Ball, location: 2F
1-2: Fielders Choice at 2nd, 3-6 (Groundball, 34)
Carlos Mendoza to third
Batting: LHB Scotty Mitchell 0-0: Ball
1-0: Called Strike
1-1: Grounds into double play, 6-4-3 (Groundball, 6)
Top of the 3rd over - 0 runs, 1 hit, 0 errors, 1 left on base; Atlantic City 2 - Lake Minnetonka 0
BOTTOM OF THE 3RD
Lake Minnetonka Love Boats batting - Pitching for Atlantic City Sonics : RHP Juriaan Roos
Batting: RHB Yoshii Saikawa 0-0: Ground out U3 (Groundball, 3)
Batting: LHB Wilton Maynard 0-0: Foul Ball, location: 2F
0-1: Ball
1-1: Ball
2-1: Swinging Strike
2-2: Ball
3-2: Foul Ball, location: 2F
3-2: Strikes out looking
Batting: LHB Matt Palmer 0-0: Called Strike
0-1: Ground out 5-3 (Groundball, 5)
Bottom of the 3rd over - 0 runs, 0 hits, 0 errors, 0 left on base; Atlantic City 2 - Lake Minnetonka 0
TOP OF THE 4TH
Atlantic City Sonics batting - Pitching for Lake Minnetonka Love Boats : RHP Dennis Blanchard
Batting: RHB Gary Jenkins 0-0: Foul Ball, location: 2F
0-1: Foul Ball, location: 2F
0-2: Ball
1-2: Strikes out looking
Batting: LHB António Casas 0-0: Foul Ball, location: 2F
0-1: Swinging Strike
0-2: Ball
1-2: Ball
2-2: Foul Ball, location: 2F
2-2: Ball
3-2: Ground out U3 (Groundball, 3)
Batting: RHB Kendrick Drumgoole 0-0: Called Strike
0-1: Ball
1-1: Fly out, F8 (Flyball, 8RD)
Top of the 4th over - 0 runs, 0 hits, 0 errors, 0 left on base; Atlantic City 2 - Lake Minnetonka 0
BOTTOM OF THE 4TH
Lake Minnetonka Love Boats batting - Pitching for Atlantic City Sonics : RHP Juriaan Roos
Batting: RHB Mario van Heijbeeck 0-0: Called Strike
0-1: Ball
1-1: SINGLE (Groundball, 6M) (infield hit)
Batting: LHB Juan Ramírez 0-0: Called Strike
Mario van Heijbeeck steals 2nd base
0-1: Ball
1-1: Foul Ball, location: 2F
1-2: Ball
2-2: Foul Ball, location: 2F
2-2: Ball
3-2: Fly out, F3 (Popup, 34)
Batting: RHB Guillermo Carrizales 0-0: SINGLE (Line Drive, 6D)
Mario van Heijbeeck to third
Runner from 3rd tries for Home, SAFE, no throw
Batting: RHB Jeff Hunter 0-0: Ground out 5-3 (Groundball, 56S)
Guillermo Carrizales to second
Batting: RHB Francisco Guerra 0-0: Called Strike
0-1: Ball
1-1: Ball
2-1: Swinging Strike
2-2: Strikes out swinging
Bottom of the 4th over - 1 run, 2 hits, 0 errors, 1 left on base; Atlantic City 2 - Lake Minnetonka 1
TOP OF THE 5TH
Atlantic City Sonics batting - Pitching for Lake Minnetonka Love Boats : RHP Dennis Blanchard
Batting: RHB Toyozo Yamasaki 0-0: Ball
1-0: Ball
2-0: Foul Ball, location: 2F
2-1: Foul Ball, location: 2F
2-2: Foul Ball, location: 2F
2-2: Foul Ball, location: 2F
2-2: Ball
3-2: Fly out, F9 (Flyball, 9LSF)
Batting: RHB John Willoughby 0-0: Ball
1-0: Ball
2-0: Called Strike
2-1: SINGLE (Groundball, 6D)
Batting: RHB Carlos Mendoza 0-0: Called Strike
0-1: Foul Ball, location: 2F
0-2: Foul Ball, location: 2F
0-2: Ball
1-2: SINGLE (Groundball, 56D)
John Willoughby to second
Batting: LHB Bryce Abood 0-0: Called Strike
0-1: Ball
1-1: Ball
2-1: Ball
3-1: Base on Balls
John Willoughby to third
Carlos Mendoza to second
Batting: RHB Jeff Quesenberry 0-0: Ground out U3 (Groundball, 34S)
John Willoughby scores
Carlos Mendoza to third
Bryce Abood to second
Batting: LHB Scotty Mitchell 0-0: Called Strike
0-1: Swinging Strike
0-2: Ball
1-2: Strikes out swinging
Top of the 5th over - 1 run, 2 hits, 0 errors, 2 left on base; Atlantic City 3 - Lake Minnetonka 1
BOTTOM OF THE 5TH
Lake Minnetonka Love Boats batting - Pitching for Atlantic City Sonics : RHP Juriaan Roos
Batting: RHB Martin van Veldhuizen 0-0: Ball
1-0: Fly out, F8 (Flyball, 8RD)
Batting: RHB Yoshii Saikawa 0-0: Ball
1-0: Ball
2-0: Ground out 4-3 (Groundball, 4)
Batting: LHB Wilton Maynard 0-0: Called Strike
0-1: Ball
1-1: Foul Ball, location: 2F
1-2: Ball
2-2: Fly out, F8 (Flyball, 89XD)
Bottom of the 5th over - 0 runs, 0 hits, 0 errors, 0 left on base; Atlantic City 3 - Lake Minnetonka 1
TOP OF THE 6TH
Atlantic City Sonics batting - Pitching for Lake Minnetonka Love Boats : RHP Dennis Blanchard
Batting: RHB Gary Jenkins 0-0: Ball
1-0: Ball
2-0: Foul Ball, location: 2F
2-1: SINGLE (Flyball, 78M)
Batting: LHB António Casas 0-0: Ball
1-0: Swinging Strike
1-1: Ball
2-1: Foul Ball, location: 2F
2-2: Foul Ball, location: 2F
2-2: SINGLE (Groundball, 34) (infield hit)
Gary Jenkins to second
Batting: RHB Kendrick Drumgoole 0-0: Ball
1-0: Swinging Strike
1-1: Ball
2-1: Called Strike
Gary Jenkins steals 3rd base
António Casas to second
2-2: Fly out, F8 (Flyball, 8LXD)
Runner from 3rd tags up, SCORES, no throw
António Casas to third
Pitching: RHP Héctor Barrera
Batting: RHB Toyozo Yamasaki 0-0: TRIPLE (Flyball, 89XD)
António Casas scores
Batting: RHB John Willoughby 0-0: Ball
1-0: SINGLE (Groundball, 6D)
Toyozo Yamasaki scores
Batting: RHB Carlos Mendoza 0-0: Ball
1-0: Ball
2-0: Called Strike
2-1: Foul Ball, location: 2F
2-2: Strikes out looking
Batting: LHB Bryce Abood 0-0: Ball
1-0: Called Strike
1-1: Ball
2-1: Called Strike
2-2: Fly out, F5 (Popup, 5SF)
Top of the 6th over - 3 runs, 4 hits, 0 errors, 1 left on base; Atlantic City 6 - Lake Minnetonka 1
BOTTOM OF THE 6TH
Lake Minnetonka Love Boats batting - Pitching for Atlantic City Sonics : RHP Juriaan Roos
Batting: LHB Matt Palmer 0-0: Ground out 6-3 (Groundball, 6D)
Batting: RHB Mario van Heijbeeck 0-0: Ground out 6-3 (Groundball, 6)
Batting: LHB Juan Ramírez 0-0: Ball
1-0: Ball
2-0: Ball
3-0: Called Strike
3-1: Called Strike
3-2: Foul Ball, location: 2F
3-2: SINGLE (Groundball, 4MD)
Batting: RHB Guillermo Carrizales 0-0: Fielders Choice at 2nd, 6-4 (Groundball, 6)
Bottom of the 6th over - 0 runs, 1 hit, 0 errors, 1 left on base; Atlantic City 6 - Lake Minnetonka 1
TOP OF THE 7TH
Atlantic City Sonics batting - Pitching for Lake Minnetonka Love Boats : RHP Héctor Barrera
Batting: RHB Jeff Quesenberry 0-0: Ball
1-0: Called Strike
1-1: Foul Ball, location: 2F
1-2: Ball
2-2: Strikes out looking
Batting: LHB Scotty Mitchell 0-0: Foul Ball, location: 2F
0-1: Foul Ball, location: 2F
0-2: Foul Ball, location: 2F
0-2: Ball
1-2: SINGLE (Line Drive, 6)
Batting: RHB Gary Jenkins 0-0: Called Strike
0-1: Ball
1-1: Ball
2-1: Foul Ball, location: 2F
2-2: Ball
3-2: Foul Ball, location: 2F
3-2: Foul Ball, location: 2F
3-2: Strikes out swinging
Batting: LHB António Casas 0-0: SINGLE (Groundball, 6MD)
Scotty Mitchell to second
Batting: RHB Kendrick Drumgoole 0-0: Ball
1-0: Called Strike
1-1: Called Strike
1-2: Ball
2-2: Strikes out looking
Top of the 7th over - 0 runs, 2 hits, 0 errors, 2 left on base; Atlantic City 6 - Lake Minnetonka 1
BOTTOM OF THE 7TH
Lake Minnetonka Love Boats batting - Pitching for Atlantic City Sonics : RHP Juriaan Roos
Batting: RHB Jeff Hunter 0-0: Foul Ball, location: 2F
0-1: Foul Ball, location: 2F
0-2: Strikes out swinging
Batting: RHB Francisco Guerra 0-0: Ball
1-0: SINGLE (Line Drive, 7LS)
Batting: RHB Martin van Veldhuizen 0-0: Ball
1-0: Ball
2-0: Called Strike
2-1: Called Strike
Francisco Guerra is caught stealing 2nd base
2-2: Ball
3-2: Foul Ball, location: 2F
3-2: Foul Ball, location: 2F
3-2: Fly out, F8 (Flyball, 8RM)
Bottom of the 7th over - 0 runs, 1 hit, 0 errors, 0 left on base; Atlantic City 6 - Lake Minnetonka 1
TOP OF THE 8TH
Atlantic City Sonics batting - Pitching for Lake Minnetonka Love Boats : RHP Héctor Barrera
Batting: RHB Toyozo Yamasaki 0-0: Ball
1-0: Called Strike
1-1: Ball
2-1: Foul Ball, location: 2F
2-2: Fly out, F5 (Popup, 5F)
Batting: RHB John Willoughby 0-0: Ball
1-0: Foul Ball, location: 2F
1-1: Ball
2-1: Foul Ball, location: 2F
2-2: SINGLE (Flyball, 7LS)
Batting: RHB Carlos Mendoza 0-0: Called Strike
0-1: Ball
1-1: Ball
2-1: Foul Ball, location: 2F
2-2: DOUBLE (Flyball, 89D)
John Willoughby to third
Runner from 3rd tries for Home, SAFE, no throw
Batting: LHB Bryce Abood 0-0: Ball
1-0: Called Strike
1-1: SINGLE (Groundball, 6MD)
Carlos Mendoza to third
Pitching: RHP Augusto Rumina
Batting: RHB Jeff Quesenberry 0-0: Ball
1-0: Foul Ball, location: 2F
1-1: Ball
2-1: SINGLE (Groundball, 6MD)
Carlos Mendoza scores
Bryce Abood to second
Batting: LHB Scotty Mitchell 0-0: Ball
1-0: Called Strike
1-1: Ball
2-1: Ball
3-1: Called Strike
3-2: Strikes out swinging
Batting: RHB Gary Jenkins 0-0: Ball
1-0: Called Strike
1-1: Called Strike
1-2: Ball
2-2: Ball
3-2: Foul Ball, location: 2F
3-2: Base on Balls
Bryce Abood to third
Jeff Quesenberry to second
Batting: LHB António Casas 0-0: Ball
1-0: Foul Ball, location: 2F
1-1: Ball
2-1: Ball
3-1: Fly out, F8 (Flyball, 89D)
Top of the 8th over - 2 runs, 4 hits, 0 errors, 3 left on base; Atlantic City 8 - Lake Minnetonka 1
BOTTOM OF THE 8TH
Lake Minnetonka Love Boats batting - Pitching for Atlantic City Sonics : RHP Juriaan Roos
Now at C: Guillermo Mata
Batting: RHB Yoshii Saikawa 0-0: Ball
1-0: Called Strike
1-1: Swinging Strike
1-2: Foul Ball, location: 2F
1-2: Fly out, F8 (Flyball, 8LS)
Batting: LHB Wilton Maynard 0-0: Ground out 4-3 (Groundball, 4)
Batting: LHB Matt Palmer 0-0: Ball
1-0: Ground out 6-3 (Groundball, 6M)
Bottom of the 8th over - 0 runs, 0 hits, 0 errors, 0 left on base; Atlantic City 8 - Lake Minnetonka 1
TOP OF THE 9TH
Atlantic City Sonics batting - Pitching for Lake Minnetonka Love Boats : RHP Augusto Rumina
Pitching: RHP Harry Stogsdill
Batting: RHB Kendrick Drumgoole 0-0: Called Strike
0-1: Ball
1-1: Called Strike
1-2: Foul Ball, location: 2F
1-2: Ball
2-2: Foul Ball, location: 2F
2-2: Ground out 6-3 (Groundball, 6)
Batting: RHB Toyozo Yamasaki 0-0: Ball
1-0: Ball
2-0: Ball
3-0: Base on Balls
Batting: RHB John Willoughby 0-0: Called Strike
Toyozo Yamasaki is caught stealing 2nd base
0-1: Ball
1-1: Ball
2-1: SINGLE (Line Drive, 7S)
Batting: RHB Carlos Mendoza 0-0: Ball
1-0: Fly out, F8 (Flyball, 8RS)
Top of the 9th over - 0 runs, 1 hit, 0 errors, 1 left on base; Atlantic City 8 - Lake Minnetonka 1
BOTTOM OF THE 9TH
Lake Minnetonka Love Boats batting - Pitching for Atlantic City Sonics : RHP Juriaan Roos
Batting: RHB Mario van Heijbeeck 0-0: Swinging Strike
0-1: Ground out 4-3 (Groundball, 4M)
Batting: LHB Juan Ramírez 0-0: Ball
1-0: Ball
2-0: Ball
3-0: Called Strike
3-1: Foul Ball, location: 2F
3-2: Base on Balls
Batting: RHB Guillermo Carrizales 0-0: Ball
1-0: Foul Ball, location: 2F
1-1: Called Strike
1-2: DOUBLE (Line Drive, 7LM)
Juan Ramírez to third
Batting: RHB Jeff Hunter 0-0: Called Strike
0-1: Ball
1-1: Called Strike
1-2: Ball
2-2: Strikes out swinging
Pitching: RHP Pedro Reynoso
Batting: RHB Francisco Guerra 0-0: Called Strike
0-1: Ball
1-1: Called Strike
1-2: Ball
2-2: Strikes out swinging
Bottom of the 9th over - 0 runs, 1 hit, 0 errors, 2 left on base; Atlantic City 8 - Lake Minnetonka 1
Friday, March 29th, 2019 - OOTP Baseball 18.8 Build 76